 Dungeon Crawl Stone Soup version 0.29-a0-993-g4a18f31a58 (webtiles) character file.

Game seed: 17972239876896934259

3 gelatine the Firebug (level 1, 0/13 HPs)
             Began as a Demonspawn Fire Elementalist on Aug 2, 2022.
             Slain by a jackal (2 damage)
             ... on level 1 of the Dungeon.
             The game lasted 00:00:59 (234 turns).

gelatine the Firebug (Demonspawn Fire Elementalist)  Turns: 234, Time: 00:00:59

Health: 0/13       AC:  2    Str:  8    XL:     1   Next: 41%
Magic:  3/3        EV: 12    Int: 16    God:
Gold:   17         SH:  0    Dex: 13    Spells: 3/4 levels left

rFire   . . .      SeeInvis .   (no weapon)
rCold   . . .      Faith    .   (no shield)
rNeg    . . .      Spirit   .   a - +0 robe
rPois   .          Reflect  .   (no helmet)
rElec   .          Harm     .   (no cloak)
rCorr   .          Rampage  .   (no gloves)
Will    .....                   (no boots)
Stlth   ++........              (no amulet)
HPRegen 0.04/turn               (no ring)
MPRegen 0.08/turn               (no ring)

@: no status effects
A: no striking features
a: no special abilities


You were on level 1 of the Dungeon.
You visited 1 branch of the dungeon, and saw 1 of its levels.

You collected 17 gold pieces.

Inventory:

Armour
 a - a +0 robe (worn)


   Skills:
 + Level 1.8 Dodging
 + Level 1.7 Stealth
 + Level 2.1 Spellcasting
 + Level 1.0 Conjurations
 + Level 2.8 Fire Magic


You had 3 spell levels left.
You knew the following spells:

 Your Spells              Type           Power      Damage    Failure   Level
a - Foxfire               Conj/Fire      28%        2x1d5     10%         1

Your spell library contained the following spells:

 Spells                   Type           Power      Damage    Failure   Level
 Scorch                   Fire           20%        2d6       10%         2
 Slow                     Hex            4%         N/A       21%         1
 Conjure Flame            Conj/Fire      7%         6-21      28%         3
 Inner Flame              Hex/Fire       6%         N/A       34%         3
 Confusing Touch          Hex            1%         N/A       52%         3
 Vampiric Draining        Necr           1%         2d6       52%         3
 Flame Wave               Conj/Fire      7%         2d5       67%         4


Dungeon Overview and Level Annotations

Branches:
Dungeon (1/15)

Altars:


Message History

You kill the jackal!
You are out of magic!
There is an open door here.
The jackal attacks as you move away! The jackal closely misses you.
The jackal bites you. The jackal attacks as you move away!
The jackal barely misses you. The jackal bites you.
Okay, then.
You are too injured to fight recklessly!
Casting: Foxfire (safe; 10% risk of failure)
Confirm with . or Enter, or press ? or * to list all spells.
You conjure some foxfire!
The jackal barely misses you.
The foxfire hits the jackal.
The jackal is almost dead.
The jackal bites you but does no damage.
The foxfire hits the jackal but does no damage.
The jackal is almost dead.
The jackal bites you.
* * * LOW HITPOINT WARNING * * *
As you read the scroll labelled SUPROG WIME, it crumbles to dust.
It is a scroll of enchant weapon.
You aren't carrying any weapons that can be enchanted.
The jackal bites you but does no damage. x2
It was a potion of heal wounds.
You feel much better. The jackal bites you. The jackal closely misses you.
The jackal bites you.
The jackal bites you but does no damage.
Magic courses through your body. The jackal barely misses you.
The jackal bites you.
You barely miss the jackal.
The jackal is almost dead.
The jackal completely misses you. x2
You hit the jackal but do no damage.
The jackal is almost dead.
The jackal barely misses you. The jackal closely misses you.
The jackal bites you. x2
* * * LOW HITPOINT WARNING * * *
You closely miss the jackal.
The jackal is almost dead.
The jackal bites you.
You die...

#.≈≈....#.#.#..#.#.##.#........
#.......#.#......# #..####.#
#.......#........# #..# #..
#.........#.##.#....# #..######
#.###..........#.#..# #........
#. #............#..# #........
# #............. ...#.#.#####
#........##########.#.#
#####+####@h...#....#.#
######.####h###'######.#
.......h..#.#...######.#
#########.#.#.####.....##
#.'.8....#####..#
#######P_.#####.# ##P...8P'.#
####.#.### #P..#.#


You could see 2 jackals.

Vanquished Creatures
  A hobgoblin (D:1)
  A jackal (D:1)
  A rat (D:1)
3 creatures vanquished.

Vanquished Creatures (others)
  15 foxfires (D:1)
15 creatures vanquished.

Grand Total: 18 creatures vanquished

Notes
Turn   | Place    | Note
-------+----------+-------------------------------------------
     0 | D:1      | gelatine the Demonspawn Fire Elementalist began the quest
                  | for the Orb.
     0 | D:1      | Reached XP level 1. HP: 13/13 MP: 3/3
   180 | D:1      | Found a faded altar of an unknown god.
   234 | D:1      | Slain by a jackal

Illustrated notes

Levels and vault maps discovered:
D:1:      amcnicky_arrival_double_pillar, layout_basic,
          shapermc_ecumenical_altar_ellora, chequers_serial_rivers_room_b

Action                   || total
-------------------------++-------
Melee: Unarmed           ||     3
 Cast: Foxfire           ||    10
  Use: Potion            ||     2
       Scroll            ||     1
Armor: Robe              ||     4
Dodge: Dodged            ||    13

Table legend: (Time is in decaauts)
 A = Elapsed time spent in this place.
 B = Non-inter-level travel time spent in this place.
 C = Inter-level travel time spent in this place.
 D = Time resting spent in this place.
 E = Time spent auto-exploring this place.
 F = Levels seen in this place.
 G = Mean time per level.
                   A        B        C        D        E       F      G
               +--------+--------+--------+--------+--------+-----+--------+
         Total |    234 |    234 |      0 |      0 |    193 |   1 |  234.0 |
       Dungeon |    234 |    234 |      0 |      0 |    193 |   1 |  234.0 |
               +--------+--------+--------+--------+--------+-----+--------+

Top non-repeatable levels by time:
     D:1: 234 daAuts
